 Dungeon Crawl Stone Soup version 0.31-a0-506-g3d79149578 (webtiles) character file.

Game seed: 1776951158457171054

459 Bnni the Poker (level 7, -2/56 HPs)
             Began as a Formicid Fighter on Aug 9, 2023.
             Slain by a gnoll
             ... wielding a +0 halberd
             ... led by a gnoll bouda
              (9 damage)
             ... on level 5 of the Dungeon.
             The game lasted 00:05:36 (4092 turns).

Bnni the Poker (Formicid Fighter)                   Turns: 4092, Time: 00:05:37

Health: -2/56      AC:  6    Str: 22    XL:     7   Next: 27%
Magic:  7/7        EV: 10    Int:  8    God:
Gold:   192        SH:  5    Dex: 13    Spells: 6/6 levels left

rFire   . . .        g - +0 halberd
rCold   . . .        c - +0 buckler
rNeg    . . .        p - +0 acid dragon scales
rPois   .            (helmet unavailable)
rElec   .            (no cloak)
rCorr   +            (no gloves)
SInv    +            (no boots)
Will    .....        (no amulet)
Stlth   +            b - ring of resist corrosion
HPRegen 0.29/turn    (no ring)
MPRegen 0.10/turn

%: no passive effects
@: no status effects
A: permanent stasis, dig shafts and tunnels, antennae 3, four strong arms
a: Dig, Shaft Self


You were on level 5 of the Dungeon.
You visited 2 branches of the dungeon, and saw 6 of its levels.

You collected 216 gold pieces.
You spent 24 gold pieces at shops.

Inventory:

Hand Weapons
 a - a +0 trident
 g - a +0 halberd (weapon)
Missiles
 n - 18 poisoned darts
Armour
 c - a +0 buckler (worn)
 p - +0 acid dragon scales (worn)
Jewellery
 b - a ring of resist corrosion (left hand)
 l - a ring of ice
Wands
 k - a wand of flame (21)
 o - a wand of iceblast (7)
Scrolls
 f - a scroll of identify
 h - 2 scrolls of enchant armour
 i - a scroll of torment {unknown}
 j - a scroll of vulnerability
Potions
 d - a potion of might
 e - a potion of heal wounds
 m - a potion of brilliance
 q - 2 potions of lignification


   Skills:
 + Level 5.4 Fighting
 * Level 5.8 Polearms
 - Level 3.2 Armour
 - Level 5.0 Shields


You had 6 spell levels left.
You didn't know any spells.
Your spell library contained the following spells:

 Spells                   Type           Power      Damage    Failure   Level
 Freeze                   Ice            0%         1d3       54%         1
 Shock                    Conj/Air       0%         1d3       54%         1
 Summon Small Mammal      Summ           0%         N/A       54%         1
 Ensorcelled Hibernation  Hex/Ice        0%         N/A       69%         2
 Passwall                 Tmut/Erth      0%         N/A       69%         2
 Call Canine Familiar     Summ           0%         N/A       89%         3
 Frozen Ramparts          Ice            0%         1d1       89%         3
 Hailstorm                Conj/Ice       0%         3d3       89%         3
 Summon Guardian Golem    Hex/Summ       0%         N/A       89%         3
 Airstrike                Air            0%         2d(0-16)  100%        4
 Swiftness                Air            Unusable   N/A       N/A         3

Dungeon Overview and Level Annotations

Branches:
Dungeon (5/15)             Temple (1/1) D:4

Altars:
Ashenzari
Cheibriados
Dithmenos
Elyvilon
Fedhas
Gozag
Hepliaklqana
Kikubaaqudgha
Makhleb
Nemelex Xobeh
Qazlal
Ru
Sif Muna
Trog
Vehumet
Wu Jian
Xom
Zin

Shops:
D:1 ?


Innate Abilities, Weirdness & Mutations

You cannot be hasted, slowed, berserked, paralysed or teleported.
You can dig through walls and to a lower floor.
You have a pair of large antennae on your head. (SInv)
Your four strong arms can wield two-handed weapons with a shield.


Message History

The gnoll barely misses you.
You barely miss the gnoll. The gnoll hits you with a +0 whip.
The gnoll barely misses you.
You closely miss the gnoll. The gnoll hits you with a +0 whip.
The gnoll barely misses you.
Unknown command.
You barely miss the gnoll. The gnoll hits you with a +0 whip.
The gnoll barely misses you.
You hit the gnoll but do no damage.
The gnoll hits you from afar with a +0 halberd.
The gnoll barely misses you. The gnoll closely misses you.
You block the gnoll's attack.
Unknown command.
Reach: g) +0 halberd
Press: ? - help, Dir - move target, f - gnoll
Aim: a gnoll, wielding a +0 whip (covering ground quickly, about 42% to evade your +0 halberd)
You puncture the gnoll!
The gnoll is severely wounded.
The gnoll is no longer moving quickly.
The gnoll hits you with a +0 whip.
The gnoll hits you from afar with a +0 halberd!
* * * LOW HITPOINT WARNING * * *
Reach: g) +0 halberd
Press: ? - help, Dir - move target, f/p - gnoll
Aim: a gnoll, wielding a +0 whip (severely wounded, about 42% to evade your +0 halberd)
You hit the gnoll.
The gnoll is almost dead.
The gnoll hits you with a +0 whip.
* * * LOW HITPOINT WARNING * * *
The gnoll hits you from afar with a +0 halberd.
* * * LOW HITPOINT WARNING * * *
Reach: g) +0 halberd
Press: ? - help, Dir - move target, f/p - gnoll
Aim: a gnoll, wielding a +0 whip (almost dead, about 42% to evade your +0 halberd)
You barely miss the gnoll.
The gnoll is almost dead.
The gnoll hits you from afar with a +0 halberd.
* * * LOW HITPOINT WARNING * * *
The gnoll closely misses you.
The gnoll hits you from afar with a +0 halberd!
You die...

#.#.#.###.#..######
#.#.#...#.##.#
#)#.#...#.##.#
#.#.#.....##.#
##.#.)...####.###
............+.....>#
#####.#.....####.#.#
#.#.....# #.#.# #
#@#'#.####)#.# #
#g#.#.#....#+### #.
#g#.#..........# .
#.#####g#.#.....)....#
....#gg.......#..........#
#....).....###..........#
#?.g######## #..........#
... {, #..........# .{
#..........#


You could see 3 gnolls.

Vanquished Creatures
  A kobold brigand (D:4)
  2 scorpions (D:4)
  A gnoll bouda (D:5)
  A sleepcap (D:5)
  2 iguanas
  Robin (D:2)
  6 gnolls
  An adder (D:4)
  2 worms
  A dart slug (D:2)
  5 orcs (D:5)
  8 bats
  3 endoplasms
  4 giant cockroaches
  17 goblins
  5 hobgoblins
  6 jackals
  6 ball pythons
  7 kobolds
  5 rats
84 creatures vanquished.

Notes
Turn   | Place    | Note
-------+----------+-------------------------------------------
     0 | D:1      | Bnni the Formicid Fighter began the quest for the Orb.
     0 | D:1      | Reached XP level 1. HP: 18/18 MP: 1/1
    88 | D:1      | Reached XP level 2. HP: 24/24 MP: 2/2
   544 | D:1      | Reached XP level 3. HP: 23/29 MP: 3/3
   795 | D:1      | Found Suvvag's Magic Scroll Boutique.
   798 | D:1      | Bought a scroll of identify for 24 gold pieces
  1047 | D:2      | Reached skill level 5 in Shields
  1047 | D:2      | Reached XP level 4. HP: 28/37 MP: 4/4
  1202 | D:2      | Reached XP level 5. HP: 14/42 MP: 5/5
  1339 | D:2      | Noticed Robin
  1360 | D:2      | Killed Robin
  2979 | D:4      | Reached XP level 6. HP: 37/49 MP: 6/6
  3083 | D:4      | Reached skill level 5 in Polearms
  3090 | D:4      | Reached skill level 5 in Fighting
  3605 | D:4      | Reached XP level 7. HP: 53/56 MP: 7/7
  3671 | D:4      | Found a staircase to the Ecumenical Temple.
  3682 | Temple   | Entered the Ecumenical Temple
  3870 | D:5      | Entered Level 5 of the Dungeon
  4092 | D:5      | Slain by a gnoll

Illustrated notes

Levels and vault maps discovered:
D:1:      dpeg_arrival_short_road, layout_loops_corners, serial_shops,
          nicolae_shop_behind_doors
D:2:      layout_loops_ring, uniq_robin
D:3:      layout_basic
D:4:      layout_loops_ring, minmay_temple_entry_fiery,
          eino_small_chamber_without_monster
D:5:      layout_basic, nicolae_tso_besieged_by_evil, nrook_campfire
Temple:   regret_index_temple_mists

Skill      XL: |  1  2  3  4  5  6 |
---------------+-------------------+-----
Polearms       | 3 4 5 |  5.8
Shields        | 5 |  5.0
Fighting       | 4 5 |  5.4
Armour         | |  3.2

Action                     |  1- 3 |  4- 6 |  7- 9 || total
---------------------------+-------+-------+-------++-------
  Melee: Trident           |   116 |    12 |       ||   128
         Halberd           |       |   120 |    52 ||   172
Ability: Dig               |       |     1 |       ||     1
    Use: Scroll            |       |     8 |       ||     8
 Armour: Scale mail        |    46 |    29 |       ||    75
         Acid dragon scale |       |       |    18 ||    18
  Dodge: Dodged            |    44 |    33 |    22 ||    99
  Block: Buckler           |    25 |    22 |    11 ||    58

Table legend: (Time is in decaauts)
 A = Elapsed time spent in this place.
 B = Non-inter-level travel time spent in this place.
 C = Inter-level travel time spent in this place.
 D = Time resting spent in this place.
 E = Time spent auto-exploring this place.
 F = Levels seen in this place.
 G = Mean time per level.
                   A        B        C        D        E       F      G
               +--------+--------+--------+--------+--------+-----+--------+
         Total |   4169 |   3925 |    244 |    171 |   3011 |   6 |  694.8 |
       Dungeon |   4167 |   3923 |    244 |    171 |   3011 |   5 |  833.4 |
        Temple |      1 |      1 |      0 |      0 |      0 |   1 |    1.0 |
               +--------+--------+--------+--------+--------+-----+--------+

Top non-repeatable levels by time:
     D:2: 1015 daAuts
     D:4: 996 daAuts
     D:1: 983 daAuts
     D:3: 940 daAuts
     D:5: 232 daAuts
  Temple: 1 daAuts
